 Dungeon Crawl Stone Soup version 0.28.0 (webtiles) character file.

Game seed: 338314845344144668

117 browni3141 the Skirmisher (level 4, -1/41 HPs)
             Began as a Minotaur Fighter on Feb 11, 2022.
             Slain by a gnoll (4 damage)
             ... on level 3 of the Dungeon.
             The game lasted 00:00:36 (937 turns).

browni3141 the Skirmisher (Minotaur Fighter)         Turns: 937, Time: 00:00:37

Health: -1/41      AC:  7    Str: 22    XL:     4   Next: 71%
Magic:  3/3        EV:  9    Int:  5    God:
Gold:   48         SH:  4    Dex: 10    Spells: 3/3 levels left

rFire   . . .      SeeInvis .   a - +0 war axe
rCold   . . .      Faith    .   c - +0 buckler
rNeg    . . .      Spirit   .   b - +0 scale mail
rPois   .          Reflect  .   (helmet restricted)
rElec   .          Harm     .   (no cloak)
rCorr   .          Rampage  .   (no gloves)
Will    .....                   (no boots)
Stlth   ..........              (no amulet)
HPRegen 0.13/turn               (no ring)
MPRegen 0.08/turn               (no ring)

@: no status effects
A: horns 2, retaliatory headbutt
a: no special abilities


You were on level 3 of the Dungeon.
You visited 1 branch of the dungeon, and saw 3 of its levels.

You collected 48 gold pieces.

Inventory:

Hand Weapons
 a - a +0 war axe (weapon)
Missiles
 e - 4 datura-tipped darts (quivered)
Armour
 b - a +0 scale mail (worn)
 c - a +0 buckler (worn)
Scrolls
 h - a scroll of identify {unknown}
Potions
 d - a potion of might
 f - 2 potions of brilliance {unknown}
 g - a potion of curing {unknown}


   Skills:
 + Level 4.6 Fighting
 + Level 3.6 Axes
 + Level 4.5 Armour
 + Level 4.5 Shields


You had 3 spell levels left.
You didn't know any spells.
Your spell library was empty.

Dungeon Overview and Level Annotations

Branches:
Dungeon (3/15)

Altars:


Innate Abilities, Weirdness & Mutations

You have a pair of horns on your head.
You reflexively headbutt those who attack you in melee.


Message History

You barely miss the gnoll.
The gnoll shouts!
You block the gnoll's attack.
You hit the gnoll.
The gnoll is moderately wounded.
You slash the gnoll!
You kill the gnoll!
You barely miss the gnoll.
The gnoll hits you but does no damage. x2
You block the gnoll's attack.
The gnoll hits you from afar with a +4 spear!
You hit the gnoll. You headbutt the gnoll.
The gnoll is lightly wounded.
The gnoll hits you but does no damage. You block the gnoll's attack.
You barely miss the gnoll. You headbutt the gnoll!
The gnoll is severely wounded.
The gnoll hits you with a +0 whip! You block the gnoll's attack.
The gnoll hits you but does no damage.
You hit the gnoll.
You kill the gnoll!
The gnoll hits you but does no damage.
The gnoll hits you from afar with a +4 spear.
The gnoll hits you from afar with a +0 vampiric spear!
The gnoll hits you with a +4 spear.
Things that are here:
a +0 whip; a +0 whip; a gnoll corpse You closely miss the gnoll.
The gnoll closely misses you. The gnoll hits you with a +4 spear.
* * * LOW HITPOINT WARNING * * *
You closely miss the gnoll.
The gnoll hits you from afar with a +0 vampiric spear.
* * * LOW HITPOINT WARNING * * *
The gnoll hits you with a +4 spear.
* * * LOW HITPOINT WARNING * * *
The gnoll hits you but does no damage. The gnoll barely misses you.
You are too injured to fight recklessly!
You closely miss the gnoll. Your headbutt misses the gnoll.
The gnoll hits you from afar with a +0 vampiric spear.
* * * LOW HITPOINT WARNING * * *
The gnoll hits you with a +4 spear.
You die...

...##...#.####
#.)###.......# ##.#
####.##.# ##.# #.##.#
##)######.##.#
.#.)......##.#
.)######.###.# ...#
#...##.######.#... ...+
...........@gg.....
...####...##.######.....
..## ##.###.# ..# .##
### #.# . ## $.# # .## .
#. # #. #


You could see 2 gnolls.

Vanquished Creatures
  An orc wizard (D:3)
  2 gnolls (D:3)
  3 adders (D:2)
  2 worms
  7 orcs (D:3)
  2 endoplasms (D:2)
  4 goblins
  4 jackals (D:1)
  3 quokkas
  A ball python (D:1)
  A frilled lizard (D:3)
  8 rats
38 creatures vanquished.

Notes
Turn   | Place    | Note
-------+----------+-------------------------------------------
     0 | D:1      | browni3141 the Minotaur Fighter began the quest for the
                  | Orb.
     0 | D:1      | Reached XP level 1. HP: 19/19 MP: 0/0
   333 | D:1      | Reached XP level 2. HP: 25/27 MP: 1/1
   475 | D:2      | Reached XP level 3. HP: 24/33 MP: 2/2
   786 | D:3      | Reached XP level 4. HP: 41/41 MP: 3/3
   937 | D:3      | Slain by a gnoll

Illustrated notes

Levels and vault maps discovered:
D:1:      dpeg_arrival_rooms_c, layout_rooms,
          hellmonk_ecumenical_altar_watching_god, hangedman_decor_diamond_cutter
D:2:      layout_basic, minmay_randomly_rotated_circles
D:3:      gammafunk_steamed_eel, layout_loops_corners,
          mainiacjoe_overflow_alcove_1, mainiacjoe_overflow_surrounded_room

Skill      XL: |  1  2 |
---------------+-------+-----
Fighting       | 4 |  4.6
Armour         | 4 |  4.5
Shields        | 4 |  4.5
Axes           | 3 |  3.6

Action                   |  1- 3 |  4- 6 || total
-------------------------+-------+-------++-------
Melee: War axe           |    74 |    21 ||    95
       Headbutt          |     4 |     4 ||     8
Armor: Scale mail        |    50 |     9 ||    59
Dodge: Dodged            |    43 |    11 ||    54
Block: Buckler           |    29 |     7 ||    36
